Map: Romanticide LE

Players

ShoWTimE - Winner!

  • Race: Protoss Protoss
  • League: Master
  • Spawn Location: 11:00

Serral

  • Race: Zerg Zerg
  • League: Grandmaster
  • Spawn Location: 5:00

Event: ASUS ROG Online 2020

VOD

https://youtu.be/_tKrxlE21ps

Description

Time

  • Played on: Nov. 28, 2020, 1:56 p.m.
  • Length: 16:09

All games in this series

Show
View Real Time Build Order
Export as new Build Order

ShoWTimE Protoss - Winner!

Build Orders: 1 Gate Expand, Oracle Opening, Phoenix Opening, Archon Immortal 

Get SALT Encoding   

  12  0:00  Probe  
  13  0:12  Probe  
  14  0:19  Pylon  
  14  0:24  Probe  
  15  0:37  Probe (Chrono Boost)  
  15  0:38  Gateway  
  16  0:46  Probe (Chrono Boost)  
  16  0:47  Assimilator  
  17  0:52  Probe  
  18  1:04  Probe  
  19  1:16  Probe  
  20  1:23  Nexus  
  20  1:28  Probe  
  21  1:36  Cybernetics Core  
  21  1:43  Assimilator  
  21  1:44  Probe  
  22  1:51  Pylon  
  22  1:56  Probe  
  23  2:09  Probe (Chrono Boost)  
  23  2:10  Adept (Chrono Boost)  
  23  2:15  Stargate  
  26  2:18  Probe (Chrono Boost)  
  27  2:23  Probe (Chrono Boost)  
  27  2:24  Warp Gate  
  28  2:32  Adept  
  28  2:36  Probe (Chrono Boost)  
  32  2:41  Probe (Chrono Boost)  
  32  2:45  Probe (Chrono Boost)  
  32  2:49  Probe (Chrono Boost)  
  32  2:50  Probe (Chrono Boost)  
  35  2:59  Phoenix (Chrono Boost)  
  35  3:00  Probe  
  35  3:02  Probe  
  39  3:09  Pylon  
  39  3:12  Probe  
  40  3:15  Probe  
  40  3:19  Oracle (Chrono Boost)  
  44  3:23  Gateway  
  44  3:24  Probe  
  46  3:27  Probe  
  46  3:29  Assimilator  
  46  3:32  Assimilator  
  46  3:36  Probe  
  46  3:39  Probe  
  48  3:45  Pylon  
  48  3:48  Probe, Oracle (Chrono Boost)  
  52  3:51  Probe  
  53  3:57  Pylon  
  53  4:00  Probe  
  54  4:03  Probe  
  55  4:10  Robotics Facility  
  55  4:12  Probe  
  55  4:15  Probe, Oracle (Chrono Boost)  
  57  4:23  Adept x2  
  64  4:27  Probe  
  64  4:28  Probe  
  64  4:29  Pylon  
  66  4:38  Nexus  
  66  4:40  Pylon  
  66  4:44  Probe x2  
  68  4:56  Probe x2  
  68  4:58  Warp Prism (Chrono Boost)  
  70  5:04  Pylon  
  72  5:08  Sentry, Shield Battery, Probe x2  
  72  5:09  Sentry  
  78  5:20  Probe x2  
  80  5:25  Twilight Council, Forge  
  80  5:27  Observer  
  81  5:32  Probe x2  
  83  5:37  Gateway  
  83  5:40  Gateway  
  83  5:44  Probe x2  
  83  5:46  Immortal (Chrono Boost)  
  83  5:48  Protoss Ground Weapons Level 1  
  89  5:51  Probe  
  89  5:52  Assimilator  
  89  5:56  Probe x2  
  89  5:57  Sentry x2  
  94  5:59  Assimilator  
  94  6:03  Probe  
  97  6:08  Probe  
  97  6:09  Probe  
  99  6:12  Charge (Chrono Boost)  
  99  6:15  Immortal (Chrono Boost), Probe  
  104  6:21  Probe x2  
  106  6:25  Templar Archives  
  106  6:27  Probe  
  106  6:30  Gateway x2  
  106  6:31  Pylon  
  107  6:33  Probe  
  107  6:35  Gateway  
  107  6:38  Pylon  
  108  6:49  Immortal (Chrono Boost)  
  112  7:04  Gateway x2  
  112  7:06  Psionic Storm  
  112  7:07  Gateway  
  109  7:09  High Templar x4  
  109  7:10  Pylon  
  109  7:13  Archon x2  
  109  7:14  Photon Cannon  
  113  7:23  Pylon  
  113  7:26  Immortal (Chrono Boost)  
  117  7:32  Nexus  
  117  7:36  Pylon  
  117  7:43  Probe x2  
  119  7:45  High Templar x2  
  119  7:46  Photon Cannon  
  119  7:48  Photon Cannon  
  119  7:49  Shield Battery  
  123  7:51  High Templar  
  123  7:55  Photon Cannon x2  
  123  7:57  Photon Cannon, Probe x3  
  128  8:03  High Templar  
  130  8:08  Zealot  
  130  8:09  Protoss Ground Weapons Level 2 (Chrono Boost)  
  130  8:10  Zealot x5  
  142  8:20  Assimilator, Probe x3  
  142  8:23  Assimilator  
  142  8:25  Photon Cannon  
  145  8:28  Photon Cannon  
  145  8:30  Photon Cannon  
  145  8:32  Probe  
  146  8:39  Pylon  
  146  8:40  Pylon  
  146  8:42  Pylon, High Templar  
  146  8:43  High Templar  
  146  8:48  Archon, Gateway  
  146  9:02  High Templar x3  
  150  9:03  High Templar  
  150  9:05  Zealot  
  150  9:09  Archon x2  
  154  9:10  Zealot x4, Gateway  
  154  9:15  Gateway  
  162  9:19  High Templar x2  
  164  9:27  Pylon  
  164  9:29  Pylon  
  164  9:31  Pylon  
  164  9:33  Zealot x4  
  164  9:37  Archon  
  166  9:39  Zealot x2  
  166  9:40  Zealot x2  
  152  9:54  Zealot x6  
  137  10:00  Zealot x4  
  137  10:01  Archon  
  137  10:03  Immortal (Chrono Boost)  
  129  10:07  High Templar  
  129  10:08  Probe x2  
  129  10:09  Probe x2  
  129  10:11  High Templar, Photon Cannon  
  129  10:13  Photon Cannon  
  119  10:15  Zealot x4  
  119  10:17  Zealot x2  
  119  10:18  Zealot  
  119  10:19  Protoss Ground Weapons Level 3 (Chrono Boost)  
  119  10:21  Zealot x3  
  127  10:25  Shield Battery, High Templar  
  127  10:27  Shield Battery  
  125  10:35  High Templar x4  
  131  10:39  Archon x2  
  133  10:44  High Templar x2  
  133  10:45  Pylon  
  133  10:47  Zealot x6  
  133  10:48  Archon  
  149  10:52  Immortal  
  149  10:56  Shield Battery  
  151  11:05  High Templar  
  151  11:07  Zealot x3  
  151  11:08  Zealot x4  
  151  11:11  High Templar x2  
  171  11:15  Archon  
  171  11:17  Zealot  
  173  11:19  Zealot x2  
  173  11:31  Zealot x3  
  173  11:32  Fleet Beacon  
  179  11:33  Stargate  
  179  11:34  Archon  
  179  11:39  Zealot  
  159  11:40  Zealot x3  
  159  11:46  Archon  
  155  11:47  High Templar x4  
  155  11:52  Zealot x4  
  155  12:10  High Templar x3  
  155  12:13  Pylon  
  147  12:16  High Templar  
  147  12:17  Archon  
  147  12:20  Zealot x8  
  163  12:30  High Templar  
  165  12:40  Carrier x2 (Chrono Boost)  
  165  12:43  Nexus  
  177  12:45  Pylon  
  177  12:47  Observer (Chrono Boost)  
  177  12:50  Photon Cannon  
  178  12:51  Protoss Shields Level 1  
  178  12:56  Zealot x4  
  186  12:59  Pylon  
  186  13:05  Shield Battery  
  186  13:06  Protoss Air Weapons Level 1 (Chrono Boost)  
  182  13:22  Zealot x2  
  182  13:23  Zealot x5  
  190  13:41  Carrier (Chrono Boost)  
  190  13:42  Carrier (Chrono Boost)  
  190  13:43  Stalker  
  194  13:57  Assimilator  
  194  13:59  Assimilator  
  184  14:07  Archon  
  182  14:12  High Templar x2  
  182  14:13  High Templar x3  
  182  14:15  High Templar  
  192  14:17  Archon x2  
  182  14:33  Carrier (Chrono Boost), High Templar x2  
  182  14:34  Zealot x4  
  182  14:38  Archon x2  
  200  14:50  Photon Cannon  
  200  14:52  Pylon  
  196  15:02  High Templar x4  
  196  15:06  Archon  
  190  15:09  Archon, Zealot x3  
  190  15:10  Zealot x6  
  190  15:48  Zealot x10  
  192  15:59  Zealot x3  
Show
View Real Time Build Order
Export as new Build Order

Serral Zerg 

Build Orders: Hatch First, Brood Lord Corruptor 

Get SALT Encoding   

  12  0:00  Drone  
  13  0:12  Overlord  
  13  0:17  Drone  
  14  0:30  Drone x2  
  16  0:47  Hatchery  
  15  0:51  Drone  
  15  0:54  Drone  
  17  0:57  Drone  
  18  1:08  Extractor  
  17  1:13  Spawning Pool  
  17  1:16  Drone  
  17  1:19  Drone  
  18  1:28  Drone  
  19  1:38  Drone  
  20  1:54  Overlord  
  20  2:00  Queen x2  
  20  2:01  Zergling x4  
  26  2:10  Drone x2  
  26  2:12  Metabolic Boost  
  28  2:20  Drone  
  28  2:21  Drone  
  30  2:35  Hatchery  
  29  2:38  Drone  
  29  2:40  Drone  
  31  2:47  Queen  
  33  2:51  Overlord  
  33  2:57  Drone  
  33  2:58  Drone  
  34  3:00  Drone  
  35  3:10  Zergling x4  
  35  3:11  Overlord, Drone x2  
  39  3:15  Drone  
  39  3:17  Spore Crawler  
  39  3:18  Drone  
  40  3:24  Queen  
  42  3:28  Overlord  
  42  3:32  Overlord  
  42  3:36  Zergling x2  
  42  3:38  Drone  
  42  3:40  Drone x2  
  46  3:44  Evolution Chamber  
  46  3:47  Queen  
  47  3:49  Drone  
  47  3:52  Spore Crawler  
  47  3:55  Drone  
  48  3:58  Drone x2  
  48  4:02  Drone x2  
  52  4:05  Drone  
  52  4:07  Drone x2  
  55  4:11  Zerg Melee Weapons Level 1  
  55  4:14  Spore Crawler  
  55  4:15  Drone  
  55  4:19  Zergling x2, Drone x2  
  55  4:23  Overlord  
  58  4:27  Drone x2  
  60  4:32  Baneling Nest  
  60  4:33  Drone x2  
  60  4:34  Drone  
  63  4:38  Zergling x2  
  63  4:39  Queen  
  63  4:42  Drone x2  
  67  4:46  Overlord  
  67  4:48  Drone x2  
  69  4:53  Lair, Extractor  
  69  4:58  Drone x3  
  67  5:00  Drone  
  67  5:02  Drone  
  67  5:03  Drone  
  67  5:05  Drone  
  67  5:06  Drone  
  72  5:07  Drone  
  72  5:12  Zergling x2  
  72  5:13  Drone x2  
  72  5:14  Drone x3  
  77  5:18  Drone x2  
  77  5:19  Extractor  
  77  5:20  Extractor  
  78  5:23  Zergling x4  
  78  5:24  Drone  
  78  5:25  Spore Crawler  
  78  5:26  Drone  
  81  5:28  Overlord  
  81  5:33  Extractor  
  81  5:34  Extractor, Drone  
  80  5:37  Drone  
  79  5:44  Drone x4  
  79  5:48  Drone x5  
  85  5:51  Drone x2  
  85  5:54  Hydralisk Den, Drone x2  
  88  6:03  Hatchery, Drone x2  
  89  6:07  Zerg Melee Weapons Level 2  
  89  6:09  Overlord  
  89  6:11  Overlord  
  89  6:17  Overlord x2  
  89  6:23  Overlord  
  89  6:25  Grooved Spines  
  89  6:31  Hydralisk x3  
  95  6:34  Centrifical Hooks  
  95  6:36  Overseer  
  95  6:40  Hydralisk x2  
  98  6:51  Hydralisk x5  
  108  6:55  Overlord  
  108  6:57  Hydralisk, Drone  
  109  7:06  Drone x8  
  117  7:10  Hydralisk x2  
  121  7:19  Hydralisk, Drone x3  
  123  7:24  Hydralisk x3  
  131  7:31  Drone  
  131  7:32  Drone x4  
  132  7:38  Drone x3  
  132  7:41  Overlord x2  
  132  7:42  Hydralisk  
  136  7:47  Muscular Augments  
  134  7:52  Hydralisk x3  
  134  7:54  Baneling  
  134  7:55  Baneling x3  
  140  7:59  Zergling x2, Hatchery  
  140  8:00  Zergling x6  
  140  8:04  Zergling x10  
  148  8:07  Overlord x2  
  148  8:09  Overlord  
  148  8:13  Drone  
  148  8:16  Infestation Pit  
  148  8:17  Zergling x4  
  150  8:20  Overseer  
  150  8:22  Zergling x6  
  150  8:23  Zerg Missile Weapons Level 1  
  150  8:25  Baneling x9  
  152  8:29  Drone  
  152  8:30  Zergling x16, Spine Crawler  
  160  8:34  Overlord  
  160  8:40  Zergling x2  
  160  8:41  Zergling x12  
  167  8:45  Overlord  
  167  8:48  Zergling x2  
  166  8:53  Baneling x25  
  166  8:54  Zergling x8  
  166  8:55  Zergling x2  
  171  9:00  Overlord  
  171  9:02  Zergling x4  
  172  9:08  Baneling  
  172  9:10  Zergling x2  
  172  9:11  Zergling x6  
  172  9:18  Zergling x6  
  172  9:19  Zergling x18  
  172  9:23  Baneling x7  
  180  9:27  Zergling x12  
  184  9:38  Baneling x6  
  180  9:42  Zergling x12  
  185  9:47  Zergling x22  
  175  9:52  Zergling x2  
  175  9:53  Zergling x8  
  175  9:59  Zergling x6  
  165  10:05  Hydralisk x3  
  145  10:07  Hive  
  145  10:09  Hydralisk x2  
  145  10:10  Spire  
  145  10:14  Hydralisk x2  
  124  10:21  Hydralisk x4  
  124  10:24  Hydralisk  
  124  10:28  Queen  
  131  10:30  Extractor, Drone x2  
  131  10:31  Drone  
  131  10:32  Baneling x8  
  131  10:34  Hydralisk  
  135  10:38  Zerg Missile Weapons Level 2, Hydralisk x2  
  135  10:39  Zergling x8, Hydralisk  
  145  10:45  Zergling x12  
  151  10:50  Zergling x10  
  151  10:53  Zergling x2  
  151  10:56  Zergling x4  
  159  10:59  Baneling x8  
  159  11:05  Zergling x18  
  159  11:09  Baneling x10  
  159  11:10  Pneumatized Carapace  
  165  11:14  Zergling x8  
  169  11:22  Zergling x16  
  175  11:26  Baneling x10  
  175  11:27  Baneling  
  175  11:29  Zergling x6  
  150  11:42  Zergling x30  
  150  11:46  Hydralisk x2  
  148  11:53  Zergling x16  
  149  12:06  Zergling x28  
  154  12:13  Extractor  
  154  12:15  Baneling x11  
  152  12:21  Drone x4  
  156  12:23  Zergling x8  
  156  12:26  Overlord  
  156  12:27  Overseer  
  156  12:28  Baneling x2  
  160  12:31  Hydralisk x2  
  155  12:39  Hydralisk x3  
  155  12:40  Zergling x8  
  149  12:47  Overlord  
  149  12:48  Overseer  
  149  12:50  Zergling x18, Greater Spire  
  158  12:52  Baneling x6  
  158  12:57  Zergling x10  
  163  13:02  Zerg Ground Armor Level 1  
  163  13:03  Adrenal Glands  
  163  13:06  Hydralisk x2  
  167  13:13  Hydralisk x2  
  167  13:16  Zergling x12  
  167  13:17  Zergling x4  
  178  13:26  Extractor  
  170  13:39  Zergling x32  
  184  13:46  Baneling x5  
  178  13:50  Pathogen Glands  
  178  13:51  Burrow  
  178  13:54  Baneling x3  
  166  14:04  Corruptor  
  166  14:05  Corruptor x7  
  176  14:10  Corruptor x3  
  175  14:29  Spore Crawler x2  
  175  14:30  Spore Crawler x3  
  175  14:31  Spore Crawler  
  168  14:35  Drone  
  168  14:36  Extractor  
  168  14:42  Overlord  
  168  14:43  Brood Lord x4  
  178  14:53  Brood Lord x3  
  177  15:08  Brood Lord  
  177  15:09  Corruptor  
  177  15:12  Queen x2  
  182  15:20  Corruptor x2  
  186  15:26  Overseer  
  189  15:33  Spore Crawler  
  189  15:34  Spore Crawler  
  159  15:51  Zergling x18  
Tags
 
Add a new tag
Caveats
  • Supply blocks, unpowered buildings, or Contaminate may cause inaccurate times.
  • Supply counts are checked every 10 seconds.